 Dungeon Sprint DCSS version 0.23-a0-860-g8ff03fb (webtiles) character file.

91 gruber the Cruncher (level 4, 0/40 HPs)
             Began as a Minotaur Gladiator on Jan 27, 2019.
             Slain by a phantom (5 damage)
             ... in the Dungeon (Sprint IX: "|||||||||||||||||||||||||||||").
             The game lasted 00:00:32 (37 turns).

gruber the Cruncher (Minotaur Gladiator)              Turns: 37, Time: 00:00:33

Health: 0/40       AC:  3    Str: 19    XL:     4   Next: 33%
Magic:  3/3        EV: 14    Int:  5    God:
Gold:   0          SH:  0    Dex: 12    Spells: 3/3 levels left

rFire    . . .     SeeInvis .   a - +0 quarterstaff
rCold    . . .     Gourm    .   (shield currently unavailable)
rNeg     . . .     Faith    .   b - +0 leather armour
rPois    .         Spirit   .   c - +0 hat
rElec    .         Reflect  .   (no cloak)
rCorr    .         Harm     .   (no gloves)
MR       .....     NoTele   +   (no boots)
Stlth    +.........             (no amulet)
HPRegen  0.13/turn              (no ring)
MPRegen  0.08/turn              (no ring)

@: berserk cooldown, slowed, very slow
A: retaliatory headbutt, horns 2
a: no special abilities


You were in the Dungeon.
You were not hungry.

You visited 1 branch

Inventory:

Hand Weapons
 a - a +0 quarterstaff (weapon)
Missiles
 d - 3 throwing nets (quivered)
Armour
 b - a +0 leather armour (worn)
 c - a +0 hat (worn)
Scrolls
 k - a scroll of blinking
Potions
 e - a potion of curing
 g - a potion of heal wounds
 h - a potion of haste
 i - 2 potions of magic
Comestibles
 f - a ration


   Skills:
 + Level 3.8 Fighting
 * Level 8.4 Staves
 - Level 2.0 Throwing
 * Level 3.7 Armour
 + Level 5.5 Dodging


You had 3 spell levels left.
You didn't know any spells.
Your spell library was empty.

Dungeon Overview and Level Annotations

Branches:
Dungeon (1/1)

Altars:


Innate Abilities, Weirdness & Mutations

You reflexively headbutt those who attack you in melee.
You have a pair of horns on your head.


Message History

You bludgeon the jackal!!
You kill the jackal!
You swing at nothing.
You swing at nothing.
You feel a strong urge to attack something.
You swing at nothing.
You are no longer berserk.
You are exhausted.
You feel yourself slow down.
You swing at nothing.
You swing at nothing.
You barely miss the phantom. Your headbutt misses the phantom.
The phantom misses you. You furiously retaliate!
You headbutt the phantom, but do no damage.
You closely miss the phantom. The phantom misses you. You furiously retaliate!
You headbutt the phantom! You hit the phantom but do no damage.
Your headbutt misses the phantom.
The phantom is moderately damaged.
The phantom hits you.
You die... ▓▓▓▓▓▓▓▓▓▓▓▓▓▓▓▓▓▓ ▓<...)....W@)....+ ▓▓▓▓▓▓▓▓▓▓▓▓▓▓▓▓▓▓

You could see a phantom.

Vanquished Creatures
  A centaur (D)
  An adder zombie (D)
  A bat (D)
  A giant cockroach (D)
  2 hobgoblins (D)
  A jackal (D)
  A frilled lizard (D)
  A leopard gecko zombie (D)
9 creatures vanquished.

Notes
Turn   | Place    | Note
-------+----------+-------------------------------------------
     0 | D        | gruber the Minotaur Gladiator began the quest for the Orb.
     0 | D        | Reached XP level 1. HP: 18/18 MP: 0/0
     5 | D        | Reached skill level 4 in Staves
     6 | D        | Reached skill level 1 in Armour
    20 | D        | Noticed a phantom
    20 | D        | Noticed a centaur
    23 | D        | Killed a centaur
    23 | D        | Reached skill level 8 in Staves
    23 | D        | Reached skill level 5 in Dodging
    23 | D        | Reached XP level 2. HP: 4/27 MP: 1/1
    23 | D        | Reached XP level 3. HP: 4/33 MP: 2/2
    23 | D        | Reached XP level 4. HP: 6/40 MP: 3/3
    37 | D        | Slain by a phantom

Vault maps used:
D:        linesprint

Skill      XL: |  1 |
---------------+----+-----
Staves         | 8 |  8.4
Armour         | 3 |  3.7
Fighting       | 3 |  3.8
Dodging        | 5 |  5.5
Throwing       | |  2.0

Action                   |  1- 3 |  4- 6 || total
-------------------------+-------+-------++-------
Melee: Quarterstaff      |    11 |     7 ||    18
       Headbutt          |       |     2 ||     2
  Use: Potion            |     1 |       ||     1
Armor: Leather armour    |     2 |       ||     2
Dodge: Dodged            |     4 |     2 ||     6

Table legend:
 A = Non-vault XP
 B = Vault XP
 C = Vault XP percentage of total XP
 D = Non-vault monster count
 E = Vault monster count
 F = Vault count percentage of total count
                 A         B        C        D         E       F
            +---------+---------+-------+---------+---------+-------
      Total |       0 |     130 | 100.0 |       0 |       9 | 100.0
            +---------+---------+-------+---------+---------+-------
          D |       0 |     130 | 100.0 |       0 |       9 | 100.0
            +---------+---------+-------+---------+---------+-------
